 Dungeon Crawl Stone Soup version 0.31-a0-960-g0fca184906 (webtiles) character file.

Game seed: 17554487601127995787

173 Getoffmy the Shield-Bearer (level 5, -16/42 HPs)
             Began as a Formicid Fighter on Oct 23, 2023.
             Was an Initiate of Cheibriados.
             Demolished by an ogre
             ... wielding a +0 giant club
              (20 damage)
             ... on level 4 of the Dungeon.
             The game lasted 00:03:09 (2959 turns).

Getoffmy the Shield-Bearer (Formicid Fighter)       Turns: 2959, Time: 00:03:09

Health: -16/42     AC:  7    Str: 24    XL:     5   Next: 83%
Magic:  5/5        EV:  9    Int:  8    God:    Cheibriados [......]
Gold:   186        SH:  5    Dex: 14    Spells: 4/4 levels left

rFire   . . .        a - +0 quarterstaff
rCold   . . .        c - +0 buckler
rNeg    . . .        b - +0 scale mail
rPois   .            (helmet unavailable)
rElec   .            (no cloak)
rCorr   .            (no gloves)
SInv    +            (no boots)
Will    .....        (no amulet) Stlth
                     (no ring)
HPRegen 0.27/turn    (no ring)
MPRegen 0.09/turn

%: no passive effects
@: mighty, very slow
A: permanent stasis, dig shafts and tunnels, antennae 3, four strong arms
a: Dig, Shaft Self, Renounce Religion


You were on level 4 of the Dungeon.
You worshipped Cheibriados.
Cheibriados was noncommittal.
You visited 1 branch of the dungeon, and saw 4 of its levels.

You collected 186 gold pieces.

Inventory:

Hand Weapons
 a - a +0 quarterstaff (weapon)
Missiles
 j - 14 poisoned darts
 k - 26 stones
Armour
 b - a +0 scale mail (worn)
 c - a +0 buckler (worn)
Scrolls
 h - a scroll of amnesia {unknown}
 m - a scroll of enchant armour {unknown}
 o - a scroll of torment {unknown}
 p - 3 scrolls of fog {unknown}
 q - a scroll of fear {unknown}
 s - a scroll of noise {unknown}
 t - a scroll of revelation {unknown}
 u - a scroll of identify {unknown}
Potions
 d - 2 potions of might
 e - a potion of brilliance {unknown}
 f - 3 potions of curing {unknown}
 g - a potion of ambrosia {unknown}
 i - a potion of berserk rage {unknown}
 l - 2 potions of resistance {unknown}
 n - 2 potions of haste {unknown}
 r - a potion of enlightenment {unknown}


   Skills:
 + Level 4.1 Fighting
 * Level 3.8 Staves
 + Level 4.1 Armour
 + Level 5.0 Shields


You had 4 spell levels left.
You didn't know any spells.
Your spell library contained the following spells:

 Spells                   Type           Power      Damage    Failure   Level
 Scorch                   Fire           0%         2d5       88%         2
 Flame Wave               Conj/Fire      0%         2d4       100%        4
 Summon Cactus Giant      Summ           0%         N/A       100%        6


Dungeon Overview and Level Annotations

Branches:
Dungeon (4/15)
 Temple: D:4-7

Altars:
Cheibriados
Elyvilon
Xom


Innate Abilities, Weirdness & Mutations

You cannot be hasted, slowed, berserked, paralysed or teleported.
You can dig through walls and to a lower floor.
You have a pair of large antennae on your head. (SInv)
Your four strong arms can wield two-handed weapons with a shield.


Message History

You hit the sleepcap.
The sleepcap is lightly damaged.
The sleepcap releases spores at you.
You are engulfed in a cloud of soporific spores!
You fall asleep.
The sleepcap releases spores at you!
You wake up.
You hit the sleepcap.
The sleepcap is moderately damaged.
An ogre comes into view. It is wielding a +0 giant club.
The sleepcap barely misses you.
You hit the sleepcap.
The sleepcap is moderately damaged.
The sleepcap closely misses you. The sleepcap barely misses you.
You sock the sleepcap!
The sleepcap is severely damaged.
The sleepcap releases spores at you.
You are engulfed in a cloud of soporific spores!
You are unaffected.
Unknown command.
You are too injured to fight recklessly!
You sock the sleepcap!
The sleepcap is almost destroyed.
The sleepcap releases spores at you.
You are engulfed in a cloud of soporific spores!
You are unaffected.
Unknown command.
You feel very mighty all of a sudden. The sleepcap closely misses you.
You sock the sleepcap!
You destroy the sleepcap!
Cheibriados appreciates the change of pace.
The orc wizard gestures at you while chanting.
The magic dart hits you.
Your Shields skill increases to level 5!
You barely miss the ogre. The ogre hits you with a +0 giant club!
* * * LOW HITPOINT WARNING * * *
You sock the ogre!
The ogre is heavily wounded.
The ogre hits you with a +0 giant club!!
You die...

##.##.......[).....#
#.......#####.....#
....#....# ....###
....#~~..♣♣♣P.~~#
#....~~...P..P~~#
#.....PP♣♣.♣♣PP.#
.......♣♣P..♣♣.P#
.....♣.♣P...P♣.♣#
.....♣o.@._...P♣ ...
♣o♣oO...♣.♣ ..
..o♣♣P.P♣♣..# ..b,
♣♣.♣♣ .# ...o { ...,
# .., ♣♣♣P . #. .#


You could see an ogre, an orc wizard (invisible) and 2 orcs.

Vanquished Creatures
  A sleepcap (D:4)
  A mummy (D:3)
  5 adders
  An adder skeleton (D:2)
  4 orcs
  10 ball pythons
  A bat skeleton (D:2)
  2 bat zombies (D:2)
  7 endoplasms
  3 giant cockroaches
  4 goblins
  10 hobgoblins
  2 ball python zombies (D:2)
  2 bats (D:2)
  3 frilled lizards
  2 giant cockroach zombies (D:2)
  10 kobolds
  3 quokka skeletons (D:2)
  6 rats
77 creatures vanquished.

Notes
Turn   | Place    | Note
-------+----------+-------------------------------------------
     0 | D:1      | Getoffmy the Formicid Fighter began the quest for the Orb.
     0 | D:1      | Reached XP level 1. HP: 18/18 MP: 1/1
    53 | D:1      | Reached XP level 2. HP: 23/24 MP: 2/2
   508 | D:1      | Reached XP level 3. HP: 29/29 MP: 3/3
   978 | D:2      | Found a shimmering altar of Xom.
  1083 | D:2      | Reached XP level 4. HP: 37/37 MP: 4/4
  1836 | D:3      | Reached XP level 5. HP: 42/42 MP: 5/5
  2307 | D:3      | Found a snail-covered altar of Cheibriados.
  2392 | D:3      | Became a worshipper of Cheibriados the Contemplative
  2939 | D:4      | Found a white marble altar of Elyvilon.
  2952 | D:4      | Noticed an ogre
  2958 | D:4      | Reached skill level 5 in Shields
  2959 | D:4      | Demolished by an ogre

Illustrated notes

Levels and vault maps discovered:
D:1:      scummos_arrival_star, layout_loops_ring
D:2:      layout_basic, basic_altar, serial_undead, serial_undead_d,
          serial_undead_d, serial_undead_c, serial_undead_a, serial_undead_a,
          serial_undead_f, serial_undead_b
D:3:      layout_basic, slow_altar_2
D:4:      layout_cave_pools, nicolae_elyvilon_peaceful_grove

Skill      XL: |  1  2  3  4  5 |
---------------+----------------+-----
Staves         | 3 |  3.8
Armour         | 4 |  4.1
Fighting       | 4 |  4.1
Shields        | 5 |  5.0

Action                     |  1- 3 |  4- 6 || total
---------------------------+-------+-------++-------
  Melee: Quarterstaff      |    96 |   116 ||   212
Ability: Dig               |       |     1 ||     1
    Use: Scroll            |       |     1 ||     1
         Potion            |       |     1 ||     1
 Armour: Scale mail        |    70 |   110 ||   180
  Dodge: Dodged            |    51 |    58 ||   109
  Block: Buckler           |    24 |    34 ||    58

Table legend: (Time is in decaauts)
 A = Elapsed time spent in this place.
 B = Non-inter-level travel time spent in this place.
 C = Inter-level travel time spent in this place.
 D = Time resting spent in this place.
 E = Time spent auto-exploring this place.
 F = Levels seen in this place.
 G = Mean time per level.
                   A        B        C        D        E       F      G
               +--------+--------+--------+--------+--------+-----+--------+
         Total |   3086 |   3031 |     55 |    471 |   1993 |   4 |  771.5 |
       Dungeon |   3086 |   3031 |     55 |    471 |   1993 |   4 |  771.5 |
               +--------+--------+--------+--------+--------+-----+--------+

Top non-repeatable levels by time:
     D:3: 1216 daAuts
     D:2: 1042 daAuts
     D:1: 728 daAuts
     D:4: 99 daAuts
